 Dungeon Crawl Stone Soup version 0.26-a0-683-g5206c1d7ac (webtiles) character file.

Game seed: 5797878313333654097

140 grandjackal the Skirmisher (level 5, 42/42 HPs)
             Began as a Demonspawn Monk on Oct 22, 2020.
             Quit the game on level 3 of the Dungeon.
             The game lasted 00:03:05 (2274 turns).

grandjackal the Skirmisher (Demonspawn Monk)        Turns: 2274, Time: 00:03:05

Health: 42/42      AC:  4    Str: 13    XL:     5   Next: 2%
Magic:  5/5        EV: 17    Int: 11    God:
Gold:   157        SH:  0    Dex: 15    Spells: 4/4 levels left

rFire    . . .     SeeInvis .   a - +0 hand axe
rCold    . . .     Faith    .   (no shield)
rNeg     . . .     Spirit   .   o - +0 leather armour
rPois    .         Reflect  .   c - +0 helmet
rElec    .         Harm     .   (no cloak)
rCorr    .         Rampage  .   (no gloves)
MR       .....                  (no boots)
Stlth    ++........             g - amulet of regeneration
HPRegen  0.54/turn              j - +4 ring of evasion
MPRegen  0.09/turn              (no ring)

@: no status effects
A: claws 1, sanguine armour 1
a: no special abilities


You were on level 3 of the Dungeon.
You visited 1 branch of the dungeon, and saw 3 of its levels.

You collected 157 gold pieces.

Inventory:

Hand Weapons
 a - a +0 hand axe (weapon)
 b - a +0 trident
Missiles
 l - 6 curare-tipped darts (quivered)
Armour
 c - a +0 helmet (worn)
 o - a +0 leather armour (worn)
 p - a +0 chain mail
Jewellery
 g - an amulet of regeneration (around neck)
 j - a +4 ring of evasion (left claw)
 m - an uncursed amulet of magic regeneration {unknown}
 q - an uncursed amulet of faith {unknown}
Wands
 e - a wand of enslavement (6)
Scrolls
 d - 2 scrolls of remove curse {unknown}
 h - 4 scrolls of identify {unknown}
 i - a scroll of fear {unknown}
 k - a scroll of enchant weapon {unknown}
 n - a scroll of magic mapping {unknown}
 r - a scroll of enchant armour {unknown}
Potions
 f - a potion of curing {unknown}
 s - a potion of lignification {unknown}


   Skills:
 + Level 3.8 Fighting
 + Level 3.4 Axes
 + Level 1.9 Armour
 + Level 3.5 Dodging
 - Level 1.7 Stealth


You had 4 spell levels left.
You didn't know any spells.
Your spell library was empty.

Dungeon Overview and Level Annotations

Branches:
Dungeon (3/15)

Altars:

Annotations:
D:3 2 transporters, ardl's ghost, amateur OgTm


Innate Abilities, Weirdness & Mutations

You have sharp fingernails.
When seriously injured, your bleeding wounds create armour. (AC +0)


Message History

You hit the goblin but do no damage. The orc hits you with a +0 mace.
The goblin closely misses you.
You hit the orc.
The orc is severely wounded.
You barely miss the goblin. The goblin barely misses you. The orc misses you.
You hit the orc but do no damage.
The orc is severely wounded.
You hit the goblin but do no damage. The goblin barely misses you.
You slash the orc!
You kill the orc!
You have reached level 5!
Your demonic ancestry asserts itself...
Your fingernails lengthen.
You miss the goblin. The goblin hits you but does no damage.
You hit the goblin.
You kill the goblin!
You hit the kobold.
You kill the kobold!
No target in view!
Are you sure you want to abandon this character and quit the game? (Confirm with "yes".)

#.##........#Z.......ZW
#.#####.##..#..........
#.# #..##.#..###.###.
#.# ##..#.#..#8#.#8#.
#.# ###...#$.........
.#. ##....©#Z....©...!
....# #..#...#..........
##....#.##.#.#..#8#.#8#.
#.....)@##.#.#..# .###.
...###)###...#.... $....
..$ ##. #.... .....
..... ..##### #####
....... .. ..... .......
##### ....... .......


There were no monsters in sight!

Vanquished Creatures
  Jessica (D:2)
  2 adders
  3 oozes
  2 worms (D:2)
  A leopard gecko (D:2)
  8 orcs (D:3)
  3 ball pythons
  5 giant cockroaches
  4 hobgoblins
  8 kobolds
  7 bats
  10 frilled lizards
  10 goblins
  8 rats
72 creatures vanquished.

Notes
Turn   | Place    | Note
-------+----------+-------------------------------------------
     0 | D:1      | grandjackal the Demonspawn Monk began the quest for the
                  | Orb.
     0 | D:1      | Reached XP level 1. HP: 18/18 MP: 1/1
   135 | D:1      | Gained mutation: When seriously injured, your bleeding
                  | wounds create armour. (AC +0) [demonic ancestry]
   135 | D:1      | Reached XP level 2. HP: 20/24 MP: 2/2
   675 | D:1      | Reached skill level 1 in Armour
   816 | D:1      | Reached XP level 3. HP: 29/29 MP: 3/3
  1794 | D:2      | Noticed Jessica
  1801 | D:2      | Killed Jessica
  1801 | D:2      | Reached XP level 4. HP: 34/36 MP: 4/4
  2045 | D:3      | Found a transporter.
  2103 | D:3      | Noticed ardl's ghost (amateur OgTm)
  2168 | D:3      | Found a transporter.
  2271 | D:3      | Gained mutation: You have sharp fingernails. [demonic
                  | ancestry]
  2271 | D:3      | Reached XP level 5. HP: 42/42 MP: 5/5
  2274 | D:3      | Quit the game

Illustrated notes

Levels and vault maps discovered:
D:1:      mrwooster_arrival_statue_2, layout_loops_ring, minmay_misc_feat_five,
          serial_bayou_pond_d, minivault_25
D:2:      layout_loops_cross, lemuel_old_faithful, uniq_jessica
D:3:      layout_rooms, gammafunk_ghost_mausoleum

Skill      XL: |  1  2 |
---------------+-------+-----
Dodging        | 3 |  3.5
Axes           | 3 |  3.4
Armour         | 1 |  1.9
Fighting       | |  3.8
Stealth        | |  1.7

Action                   |  1- 3 |  4- 6 || total
-------------------------+-------+-------++-------
Melee: Hand axe          |   131 |    88 ||   219
 Stab: Sleeping          |    10 |     1 ||    11
Armor: Robe              |    29 |    11 ||    40
       Leather armour    |       |     5 ||     5
Dodge: Dodged            |    95 |   113 ||   208

Table legend: (Time is in decaauts)
 A = Elapsed time spent in this place.
 B = Non-inter-level travel time spent in this place.
 C = Inter-level travel time spent in this place.
 D = Time resting spent in this place.
 E = Time spent auto-exploring this place.
 F = Levels seen in this place.
 G = Mean time per level.
                   A        B        C        D        E       F      G
               +--------+--------+--------+--------+--------+-----+--------+
         Total |   2312 |   2266 |     46 |    207 |   1520 |   3 |  770.7 |
       Dungeon |   2312 |   2266 |     46 |    207 |   1520 |   3 |  770.7 |
               +--------+--------+--------+--------+--------+-----+--------+

Top non-repeatable levels by time:
     D:1: 1102 daAuts
     D:2: 884 daAuts
     D:3: 325 daAuts
